 Dungeon Crawl Stone Soup version 0.19-a0-957-gf4ea323 (webtiles) character file.

682818 mistymad the Invulnerable (level 27, -6/199 HPs)
             Began as a Gargoyle Fighter on July 10, 2016.
             Was the Champion of Okawaru.
             Blown up by an ancient lich (74 damage)
             ... with a wavering orb of destruction
             ... on level 5 of the Realm of Zot on July 11, 2016.
             The game lasted 03:37:18 (64082 turns).

mistymad the Invulnerable (Gargoyle Fighter)       Turns: 64082, Time: 03:37:19

Health: -6/199     AC: 61    Str: 27    XL:     27
Magic:  27/29      EV:  8    Int: 19    God:    Okawaru [******]
Gold:   6799       SH: 33    Dex: 16    Spells: 4 memorised, 20 levels left

rFire  + + +     SeeInvis +     c - +9 eveningstar (freeze)
rCold  + + +     Gourm    .     C - +6 gold dragon armour
rNeg   + . .     Faith    .     h - +1 large shield
rPois  ∞         Spirit   .     D - +2 hat {MR+}
rElec  +         Dismiss  .     U - +1 cloak of Vigeoq {rC++ Regen+ Dex-4 SInv}
rCorr  .         Reflect  +     Z - +2 pair of gloves {Dex+3}
SustAt .         Harm     .     T - +2 pair of boots
MR     ++++.                    s - amulet "Vonk" {Reflect rC+ MR- Int+2 Dex+2 SH+5}
Stlth  ..........               Y - ring of Gutzesh {rF+ MR+ Int+4 Dex+4, =R}
                                V - ring "Jotagomn" {+Inv rF+}

@: incredibly resistant to hostile enchantments, extremely unstealthy
A: big wings, blurry vision 1, clever 1, deformed body, deterioration 2, magic
resistance 1, negative energy resistance 1, electricity resistance, slow
regeneration 1, weak 1, unbreathing, petrification resistance, rot immunity,
MP-powered wands, AC +20
a: Fly, Heroism, Finesse, Renounce Religion, Evoke Invisibility
}: 3/15 runes: barnacled, silver, gossamer


You were on level 5 of the Realm of Zot.
You worshipped Okawaru.
Okawaru was exalted by your worship.
You were not hungry.

You visited 10 branches of the dungeon, and saw 50 of its levels.
You also visited: Labyrinth, Trove, Bailey and Volcano.

You collected 7279 gold pieces.
You spent 480 gold pieces at shops.

Inventory:

Hand Weapons
 c - a +9 eveningstar of freezing (weapon)
Missiles
 B - 13 throwing nets (quivered)
Armour
 h - a +1 large shield (worn)
 C - a +6 gold dragon armour (worn)
 D - a +2 hat of magic resistance (worn)
 R - a +1 cloak of magic resistance
 T - a +2 pair of boots (worn)
 U - the +1 cloak of Vigeoq (worn) {rC++ Regen+ Dex-4 SInv}
   (You found it on level 2 of the Lair of Beasts)

   It affects your dexterity (-4).
   It greatly protects you from cold.
   It lets you see invisible.
   It increases your rate of regeneration.
 Z - a +2 pair of gloves of dexterity (worn)
Jewellery
 s - the amulet "Vonk" (around neck) {Reflect rC+ MR- Int+2 Dex+2 SH+5}
   (You took it off an ogre mage on level 3 of the Depths)

   [amulet of reflection]

   It shields you and reflects attacks.
   It affects your intelligence (+2).
   It affects your dexterity (+2).
   It protects you from cold.
   It affects your resistance to hostile enchantments.
   It affects your SH (+5).
 y - an uncursed ring of positive energy
 A - the amulet "Tuabb" {Reflect rN++ MR- Int+2 SH+3 SInv, unknown}
   (You took it off a mottled draconian on level 5 of the Realm of Zot)

   [amulet of reflection]

   It shields you and reflects attacks.
   It affects your intelligence (+2).
   It greatly protects you from negative energy.
   It affects your resistance to hostile enchantments.
   It lets you see invisible.
   It affects your SH (+3).
 V - the ring "Jotagomn" (left hand) {+Inv rF+}
   (You found it on level 4 of the Spider Nest)

   [ring of protection from fire]

   It protects you from fire.
   It lets you turn invisible.
 Y - the ring of Gutzesh (right hand) {rF+ MR+ Int+4 Dex+4, =R}
   (You took it off an ogre mage on level 3 of the Depths)

   [ring of dexterity]

   It affects your intelligence (+4).
   It affects your dexterity (+4).
   It protects you from fire.
   It affects your resistance to hostile enchantments.
Wands
 i - a wand of teleportation (6/9)
 q - a wand of heal wounds (5/9)
 F - a wand of digging (10/24)
 W - a wand of digging (14/24)
Scrolls
 a - 4 scrolls of blinking
 p - 6 scrolls of fear
 u - 4 scrolls of holy word
 x - 26 scrolls of remove curse
 E - 4 scrolls of identify
 K - a scroll of enchant armour
 L - 7 scrolls of recharging
 O - 8 scrolls of magic mapping
 Q - 19 scrolls of teleportation
 S - 7 scrolls of fog
Potions
 b - 3 potions of cancellation
 d - 7 potions of might
 e - 3 potions of beneficial mutation
 g - 4 potions of ambrosia
 k - 22 potions of curing
 l - 6 potions of resistance
 m - 5 potions of agility
 n - 11 potions of mutation
 r - 5 potions of magic
 t - 11 potions of heal wounds
 z - 3 potions of haste
 G - 3 potions of cure mutation
 I - 3 potions of invisibility
 P - 6 potions of berserk rage
Miscellaneous
 H - 3 phantom mirrors
Comestibles
 f - 26 bread rations
 j - 8 slices of pizza
 o - 16 meat rations
 v - 2 chunks of flesh
 w - 14 beef jerkies
 M - 8 royal jellies


   Skills:
 O Level 27 Fighting
 + Level 24.2 Maces & Flails
 O Level 27 Armour
 + Level 26.2 Shields
 - Level 8.0 Invocations


You had 20 spell levels left.
You knew the following spells:

 Your Spells              Type           Power        Failure   Level  Hunger
a - Blink                 Tloc           N/A          99%         2    ###....
b - Repel Missiles        Chrm/Air       #.....       99%         2    ###....
c - Apportation           Tloc           #.........   95%         1    ##.....
d - Summon Butterflies    Summ           #.......     95%         1    ##.....


Dungeon Overview and Level Annotations

Branches:
Dungeon (15/15)            Temple (1/1) D:6            Lair (6/6) D:11
 Shoals (4/4) Lair:2       Spider (4/4) Lair:2        Slime (0/5) Lair:6
    Orc (2/2) D:12            Elf (3/3) Orc:2        Vaults (5/5) D:14
  Crypt (0/3) Vaults:2     Depths (5/5) D:15            Zot (5/5) Depths:5

Altars:
Ashenzari
Cheibriados
Dithmenos
Elyvilon
Fedhas
Gozag
Hepliaklqana
Kikubaaqudgha
Makhleb
Nemelex Xobeh
Okawaru
Pakellas
Qazlal
Ru
Sif Muna
Trog
Uskayaw
Vehumet
Xom
Yredelemnul
Zin
The Shining One
Beogh

Shops:
D:12 :*   Orc:2 (=[*   Elf:3 [   Shoals:2 *   Vaults:3 %   Vaults:4 =[
Depths:2 !

Portals:
Hell: Depths:1 Depths:2 Depths:3 Depths:4 Depths:5
Abyss: Depths:3 Depths:4 Depths:5
Pandemonium: Depths:3 Depths:5
Ziggurat: Depths:2


Innate Abilities, Weirdness & Mutations

You are resistant to torment.
Your stone body is resilient. (AC +20)
You are immune to poison.
Your large and strong wings let you fly indefinitely.
You resist negative energy. (rN+)
You are resistant to electric shocks. (rElec)
You can survive without breathing.
You are immune to petrification.
You are immune to rotting.
Scrolls take you a little longer to read.
Your mind is acute. (Int +2)
Armour fits poorly on your strangely shaped body.
Your body often deteriorates upon taking damage.
You are resistant to hostile enchantments. (MR+)
You regenerate slowly when monsters are visible.
You are weak. (Str -2)
You expend magic power (3 MP) to strengthen your wands.


Message History

You throw a throwing net. The throwing net hits the ancient lich.
The ancient lich is caught in the net!
The storm dragon breathes lightning at you.
The bolt of lightning hits you! You resist. The bolt of lightning misses you.
The bolt of lightning hits the storm dragon.
The storm dragon completely resists.
The ancient lich conjures a glowing orb.
The ancient lich struggles against the net.
An orb of destruction comes into view.
You take 10 damage, and have 68/199 hp.
You hit the ancient lich.
The ancient lich is lightly damaged.
You block the storm dragon's attack.
The storm dragon claws you but does no damage.
You block the storm dragon's attack.
You impale the ancient lich!!
The ancient lich is moderately damaged.
You feel like a meek peon again.
The wavering orb of destruction hits you!
You die...

.#.#.#.......#.<#.### ##....
.#...#.....###.##...## ##..###
##.#.#####....##.....## #..##..
####.........##.......#####.##...
##.##.#.####.'..............#..##
......#.#..###.........######.##.
#...###[)...##.8†......# #.....
###........####..D...#######..#..
.....#....###.##@§..##.⌠.##..##.⌠
........#.#.#..##L..#.....#..#...
....#..##...#...#'#)#⌠.<..'..#...
...#....#.....###.#.#.....#..#...
............#..#....##.⌠.##..##.⌠
..#...#...#......#..########..#..
.#.#.....#.#.....####......#.....
....8.....#....##..#.##..8.##.##.
.....#.#.....#..#..........##..##


You could see an electric golem, an ancient lich (caught) and a storm dragon.

Vanquished Creatures
  5 ancient liches
  9 orbs of fire
  3 juggernauts
  Sojobo (Vaults:3)
  Bai Suzhen (Spider:4)
  Frederick (Vaults:2)
  The ghost of mistymad the Slayer, a veteran GrFi of Okawaru (Vaults:5)
  5 caustic shrikes (Depths:4)
  12 golden dragons
  2 Killer Klowns (Zot:5)
  A curse toe (Zot:4)
  A bone dragon (Depths:5)
  3 liches
  24 tentacled monstrosities
  4 electric golems
  Jorgrun (Shoals:4)
  4 titans
  3 deep elf blademasters (Elf:3)
  Asterion (Elf:1)
  25 Orb Guardians (Zot:5)
  2 krakens
  The ghost of tstbtto the Minotaur Blade, an adept MiFi of Cheibriados (Spider:2)
  Gastronok (Lair:1)
  4 sphinxes
  Polyphemus (Shoals:2)
  Kirke (D:14)
  The ghost of tstbtto the Fencer, an adept MiFi of Cheibriados (Shoals:3)
  An ancient champion (Vaults:2)
  Agnes (D:14)
  9 shadow dragons
  17 storm dragons
  11 death cobs
  7 tengu reavers
  Roxanne (Elf:3)
  Donald (Vaults:4)
  Ilsuiw (Shoals:4)
  6 draconian monks
  12 deep elf sorcerers
  10 frost giants
  3 iron dragons
  15 fire giants
  A draconian knight (Zot:4)
  2 draconian scorchers
  Aizul (Elf:3)
  6 draconian zealots
  8 emperor scorpions
  3 orc warlords
  10 vault wardens
  6 draconian shifters
  Louise (D:14)
  5 ghost moths
  A curse skull (Vaults:2)
  11 ironheart preservers
  18 very ugly things
  6 draconian annihilators
  A war gargoyle (Vaults:5)
  3 deep elf elementalists (Elf:3)
  5 spriggan defenders
  21 stone giants
  6 draconian callers
  A reaper (Depths:5)
  5 vampire knights
  12 green draconians
  Azrael (D:14)
  3 entropy weavers
  7 black draconians
  A dire elephant (D:15)
  12 deep elf annihilators
  15 mottled draconians
  22 spark wasps
  4 deep elf demonologists
  8 white draconians
  8 red draconians
  5 purple draconians
  10 yellow draconians
  An ettin (shapeshifter) (Vaults:4)
  27 fire dragons
  6 merfolk javelineers (Shoals:4)
  16 ettins
  5 deep elf death magi
  A minotaur (shapeshifter) (Vaults:5)
  A jiangshi (Vaults:2)
  6 merfolk impalers
  A minotaur (Lab)
  Fannar (D:10)
  8 deep elf high priests
  10 great orbs of eyes
  20 yaktaur captains
  8 hydras
  Harold (Lair:2)
  3 rakshasas
  20 ice dragons
  5 catoblepae
  30 vault guards
  14 centaur warriors
  5 death knights
  5 spriggan air magi
  25 ogre magi
  2 merfolk aquamancers (Shoals:4)
  A satyr (Shoals:4)
  An alligator snapping turtle (Shoals:3)
  2 merfolk avatars
  29 dancing weapons
  33 death yaks
  An alligator (shapeshifter) (Vaults:5)
  A queen ant (shapeshifter) (Vaults:3)
  10 deep troll shamans
  9 deep troll earth magi
  6 orc high priests
  7 tengu warriors
  Urug (Lair:5)
  37 hell knights
  The ghost of Fubayashi the Thaumaturge, a novice GrEE of Vehumet (D:11)
  8 spriggan berserkers
  22 deep elf knights
  6 iron trolls
  A sun demon (Depths:5)
  2 fire crabs (shapeshifter)
  A fire crab (Volcano)
  3 shadow wraiths
  17 sea snakes
  An unseen horror (shapeshifter) (Vaults:4)
  33 deep trolls
  4 skeletal warriors (Vaults:2)
  A giant orange brain (shapeshifter) (Depths:2)
  A death drake (shapeshifter) (Depths:3)
  2 deep trolls (shapeshifter)
  5 giant orange brains
  18 ironbrand convokers
  A lindwurm (shapeshifter) (D:14)
  5 flayed ghosts
  A harpy (shapeshifter) (Vaults:2)
  The ghost of Duffy the Cudgeler, a novice GrEE of Cheibriados (D:9)
  7 wizards
  An obsidian statue (Zot:5)
  16 deep elf archers
  10 griffons
  20 orc knights
  30 harpies
  9 hill giants
  10 phantasmal warriors
  7 orc sorcerers
  16 orb spiders
  34 ugly things
  10 necromancers
  63 deep elf magi
  2 fauns
  9 hornets
  31 wolf spiders
  6 cyclopes
  6 manticores
  A salamander (Depths:2)
  3 sphinx skeletons
  A toenail golem (Volcano)
  A tengu skeleton (Vaults:5)
  5 elephants (Lair:2)
  15 moths of wrath
  5 water nymphs
  Maurice (D:11)
  A rust devil (Depths:5)
  2 human skeletons (Vaults:2)
  3 black mambas
  5 sirens
  A water nymph (shapeshifter) (Depths:2)
  2 gargoyles
  A molten gargoyle (Volcano)
  10 vault sentinels
  6 spiny frogs
  A torpor snail (Spider:4)
  A human zombie (Vaults:2)
  9 komodo dragons
  4 rime drakes
  An elf zombie (Vaults:5)
  A komodo dragon (shapeshifter) (Vaults:4)
  5 freezing wraiths
  11 demonic crawlers
  2 yaktaurs (shapeshifter)
  A kobold demonologist (D:13)
  2 efreet
  51 yaktaurs
  An ice devil (Depths:4)
  31 merfolk
  3 tengu conjurers
  A queen bee (shapeshifter) (Depths:5)
  A queen bee (Depths:3)
  A meliai (shapeshifter) (Depths:1)
  35 jumping spiders
  10 trolls
  3 polar bears
  7 boulder beetles
  16 blink frogs
  28 slime creatures
  37 two-headed ogres
  A raiju (shapeshifter) (Vaults:2)
  19 snapping turtles
  2 stone giant simulacra
  A fire giant simulacrum (Vaults:2)
  3 wind drakes (Shoals:1)
  Sigmund (D:2)
  111 redbacks
  A flying skull (Vaults:2)
  A redback (shapeshifter) (Depths:3)
  A yak (shapeshifter) (Vaults:3)
  24 tarantellas
  6 wraiths
  7 air elementals
  19 yaks
  2 fire bats (Volcano)
  A vampire (D:14)
  4 wyverns
  A ynoxinul (Depths:5)
  Eustachio (D:4)
  12 spriggans
  2 shadows
  19 humans (D:14)
  Grum (D:9)
  26 water elementals
  3 chaos spawn (D:12)
  3 hungry ghosts
  10 fire elementals
  7 hippogriffs
  A neqoxec (Depths:5)
  Menkaure (D:6)
  3 steam dragons
  4 vampire mosquitoes (D:14)
  3 mottled dragons
  A deep troll zombie (Vaults:2)
  11 wargs
  A soldier ant (shapeshifter) (Vaults:3)
  3 soldier ants
  8 hell hounds
  10 water moccasins
  4 giant eyeballs
  9 porcupines
  62 orc warriors
  8 ice beasts
  A porcupine (shapeshifter) (Depths:1)
  Duvessa (D:7)
  8 sky beasts
  6 wasps
  6 black bears
  An eye of draining (D:10)
  90 ogres
  5 phantoms
  13 boggarts
  21 wolves
  30 centaurs
  A centaur (shapeshifter) (Vaults:2)
  4 crocodiles
  5 big kobolds
  19 giant frogs
  A gnoll sergeant (D:9)
  Blork the orc (D:5)
  An earth elemental (Elf:3)
  A wyvern skeleton (D:14)
  2 glowing shapeshifter simulacra
  Dowan (D:7)
  5 scorpions
  25 killer bees
  10 wights
  7 howler monkeys
  2 human simulacra (Vaults:1)
  2 electric eels
  9 crimson imps
  2 lava snakes (Volcano)
  2 quasits
  3 centaur zombies
  2 giant frog zombies
  7 jellies
  3 giant frog skeletons
  8 hounds
  Crazy Yiuf (D:4)
  25 orc priests
  5 centaur skeletons
  A gnoll shaman (Orc:2)
  Natasha (thrice) (D:4)
  11 iguanas
  12 worker ants
  31 orc wizards
  26 sheep
  3 hound skeletons
  A worker ant zombie (D:7)
  A howler monkey zombie (D:9)
  13 gnolls
  A howler monkey skeleton (D:4)
  11 adders
  51 river rats
  3 shadow imps
  3 oozes (Lair:6)
  An adder zombie (D:7)
  A worm (D:2)
  3 dart slugs
  7 giant geckos
  123 orcs
  6 giant cockroaches
  8 goblins
  9 hobgoblins
  16 jackals
  7 quokkas
  5 bats
  A giant gecko skeleton (D:4)
  2 giant gecko zombies (D:6)
  4 giant newts
  22 kobolds
  10 rats
  2 crawling corpses (Elf:3)
  A fungus (Lair:6)
  A plant (Shoals:4)
2702 creatures vanquished.

Vanquished Creatures (others)
  A deep elf master archer (Elf:3)
  An emperor scorpion (Spider:4)
  A deep elf demonologist (Elf:3)
  2 stone giants (Vaults:5)
  3 merfolk javelineers
  A yaktaur captain (Depths:4)
  A satyr (Shoals:4)
  A deep elf knight (Elf:2)
  A deep elf archer (Depths:3)
  A wolf spider (D:2)
  2 cyclopes (Vaults:2)
  11 yaktaurs
  A merfolk (Shoals:4)
  A redback (Spider:4)
  7 humans (D:14)
  2 ogres (Vaults:4)
  4 centaurs
  An electric eel (D:14)
  An orc wizard (Orc:2)
  A river rat (Lair:5)
  4 orcs
  7 fungi
  15 plants
  8 tentacles
  93 tentacle segments
171 creatures vanquished.

Grand Total: 2873 creatures vanquished

Notes
Turn   | Place    | Note
-------+----------+-------------------------------------------
     0 | D:1      | mistymad the Gargoyle Fighter began the quest for the Orb.
     0 | D:1      | Reached XP level 1. HP: 14/14 MP: 1/1
   183 | D:1      | Reached XP level 2. HP: 14/19 MP: 2/2
   444 | D:1      | Reached XP level 3. HP: 24/24 MP: 3/3
  1407 | D:2      | Reached XP level 4. HP: 25/29 MP: 4/4
  1485 | D:2      | Noticed Sigmund
  1497 | D:2      | Killed Sigmund
  1497 | D:2      | Reached XP level 5. HP: 29/34 MP: 5/5
  1519 | D:2      | Found an oddly glowing altar of Pakellas.
  1519 | D:2      | Noticed a wolf spider
  1532 | D:2      | Killed a wolf spider
  1580 | D:2      | Found a deep blue altar of Sif Muna.
  1806 | D:2      | Reached XP level 6. HP: 39/39 MP: 6/6
  2069 | D:3      | Found a shadowy altar of Dithmenos.
  2376 | D:3      | Reached skill level 5 in Fighting
  2578 | D:4      | Reached skill level 5 in Shields
  2635 | D:4      | Noticed Natasha
  2645 | D:4      | Killed Natasha
  2645 | D:4      | Reached XP level 7. HP: 18/44 MP: 7/7
  2842 | D:4      | Noticed Eustachio
  3069 | D:4      | Noticed Natasha
  3081 | D:4      | Killed Natasha
  3284 | D:4      | Found a sacrificial altar of Ru.
  3292 | D:4      | Reached skill level 5 in Armour
  3518 | D:4      | Killed Eustachio
  3946 | D:3      | HP: 2/45 [ogre/giant club (21)]
  4464 | D:4      | Reached XP level 8. HP: 45/51 MP: 8/8
  4687 | D:4      | Noticed Natasha
  4691 | D:4      | Killed Natasha
  4805 | D:4      | Reached skill level 5 in Maces & Flails
  5070 | D:4      | Found a runed door.
  5074 | D:4      | Noticed Crazy Yiuf
  5077 | D:4      | Killed Crazy Yiuf
  5159 | D:5      | Entered Level 5 of the Dungeon
  5258 | D:5      | Gained mutation: Your mind is acute. (Int +2) [mutagenic meat]
  5261 | D:5      | Gained mutation: You are resistant to hostile enchantments. (MR+) [mutagenic meat]
  5329 | D:5      | Found a sparkling altar of Nemelex Xobeh.
  5588 | D:5      | Noticed Blork the orc
  5609 | D:5      | Killed Blork the orc
  5985 | D:6      | Found a staircase to the Ecumenical Temple.
  6074 | D:6      | Reached XP level 9. HP: 55/57 MP: 9/9
  6078 | Temple   | Entered the Ecumenical Temple
  6191 | Temple   | Became a worshipper of Warmaster Okawaru
  6745 | D:6      | Reached * piety under Okawaru
  6981 | D:6      | Noticed Menkaure
  6989 | D:6      | Reached ** piety under Okawaru
  7027 | D:6      | Killed Menkaure
  7336 | D:6      | Reached *** piety under Okawaru
  7365 | D:6      | Reached XP level 10. HP: 46/64 MP: 10/10
  8479 | D:7      | Noticed a cyclops
  8499 | D:7      | Killed a cyclops
  8499 | D:7      | Reached **** piety under Okawaru
  8589 | D:7      | Noticed Duvessa
  8630 | D:7      | Killed Duvessa
  8644 | D:7      | Noticed Dowan
  8654 | D:7      | Killed Dowan
  8697 | D:7      | Found a shattered altar of Ashenzari.
  8893 | D:7      | Found a glowing silver altar of Zin.
  8894 | D:7      | Noticed an angel
  9462 | D:8      | Received a gift from Okawaru
 10466 | D:9      | Reached XP level 11. HP: 70/71 MP: 11/11
 10733 | D:9      | Noticed Grum
 10783 | D:9      | Killed Grum
 10810 | D:9      | Found a flagged portal.
 10815 | D:9      | Reached skill level 10 in Armour
 10839 | Bailey   | Entered a bailey
 11540 | Bailey   | Identified a +2 rod of clouds (10/10) (You found it on level 9 of the Dungeon)
 11647 | Bailey   | Reached skill level 1 in Invocations
 11691 | Bailey   | Reached skill level 10 in Shields
 11704 | Bailey   | Reached ***** piety under Okawaru
 11970 | D:9      | Found a shimmering altar of Xom.
 12321 | D:9      | Noticed Duffy's ghost (novice GrEE)
 12386 | D:9      | Killed Duffy's ghost
 12386 | D:9      | Reached skill level 10 in Fighting
 12412 | D:10     | Entered Level 10 of the Dungeon
 12438 | D:10     | Noticed a hill giant
 12456 | D:10     | Killed a hill giant
 12949 | D:10     | Noticed Fannar
 13005 | D:10     | Killed Fannar
 13566 | D:11     | Found a staircase to the Lair.
 13767 | D:11     | Noticed a green ugly thing
 13817 | D:11     | Killed a green ugly thing
 13817 | D:11     | Reached XP level 12. HP: 56/78 MP: 14/14
 13947 | D:11     | Noticed Maurice
 13973 | D:11     | Killed Maurice
 14037 | D:11     | Noticed Fubayashi's ghost (novice GrEE)
 14085 | D:11     | Killed Fubayashi's ghost
 14737 | D:12     | Noticed a fire dragon
 14756 | D:12     | Reached skill level 10 in Maces & Flails
 14813 | D:12     | Killed a fire dragon
 14834 | D:12     | Reached skill level 5 in Invocations
 15189 | Lair:1   | Entered Level 1 of the Lair of Beasts
 15319 | Lair:1   | Noticed Gastronok
 15351 | Lair:1   | Learned a level 2 spell: Blink
 15354 | Lair:1   | Learned a level 2 spell: Repel Missiles
 15440 | Lair:1   | Killed Gastronok
 15724 | Lair:1   | Noticed a five-headed hydra
 15742 | Lair:1   | Killed a five-headed hydra
 15742 | Lair:1   | Received a gift from Okawaru
 16151 | Lair:2   | Noticed Harold
 16178 | Lair:2   | Killed Harold
 16195 | Lair:2   | Got a spiked cloak
 16233 | Lair:2   | Found a labyrinth entrance.
 16322 | Lair:2   | Identified the +1 cloak of Vigeoq {rC++ Regen+ Dex-4 SInv} (You found it on level 2 of the Lair of Beasts)
 16326 | Lab      | Entered a labyrinth
 16420 | Lab      | Noticed a minotaur
 16448 | Lab      | Killed a minotaur
 16448 | Lab      | Reached XP level 13. HP: 47/84 MP: 11/17
 16465 | Lab      | Identified the Tome of Unholy Poisoning
 17119 | Lair:2   | Found a hole to the Spider Nest.
 17253 | Lair:2   | Found a staircase to the Shoals.
 17294 | Lair:2   | Received a gift from Okawaru
 17586 | Lair:2   | Reached ****** piety under Okawaru
 18380 | Lair:3   | You fall through a shaft for 2 floors!
 18475 | Lair:5   | Found a dark tunnel.
 18484 | Volcano  | Entered a volcano
 18660 | Volcano  | Found a radiant altar of Vehumet.
 19255 | Lair:4   | Received a gift from Okawaru
 19809 | Lair:5   | Received a gift from Okawaru
 19809 | Lair:5   | Gained mutation: Your large and strong wings let you fly indefinitely. [Gargoyle growth]
 19809 | Lair:5   | Reached XP level 14. HP: 83/92 MP: 20/20
 20208 | Lair:5   | Noticed Urug
 20217 | Lair:5   | Killed Urug
 20755 | Lair:6   | Entered Level 6 of the Lair of Beasts
 21184 | Lair:6   | Found a staircase to the Slime Pits.
 21206 | Lair:6   | Identified the Almanac of Unholy Secrets
 21362 | Lair:6   | Received a gift from Okawaru
 21610 | Lair:6   | Received a gift from Okawaru
 21626 | Lair:6   | Got an ichor-stained buckler {god gift}
 21643 | Lair:6   | Identified the +1 buckler of the Rabble {Slay+3} (Okawaru gifted it to you on level 6 of the Lair of Beasts)
 21826 | Lair:6   | Reached XP level 15. HP: 75/99 MP: 16/21
 21991 | Lair:6   | Identified the Disquisition on Floating Attacks
 22133 | Lair:6   | Found a basalt altar of Yredelemnul.
 22696 | D:12     | Found a staircase to the Orcish Mines.
 22711 | D:12     | Found a roughly hewn altar of Beogh.
 22822 | D:12     | Found a shimmering altar of Xom.
 22978 | D:12     | Found Kosok Fun's Assorted Antiques.
 22982 | D:12     | Bought a pitted large shield for 256 gold pieces
 22993 | D:12     | Identified the cursed -2 large shield "Tayciet" {rPois Str+2} (You bought it in a shop on level 12 of the Dungeon)
 23091 | D:12     | Found Fono's Book Shoppe.
 23588 | D:13     | Found a portal to a secret trove of treasure.
 23768 | Trove    | Entered a treasure trove
 23785 | Trove    | Identified Sif Muna's Handbook of the Blaze and Curses
 23846 | Trove    | Got a sparkling crystal amulet
 23850 | Trove    | Identified the amulet "Qotih" {RegenMP MR- Int+10 Slay+4} (You found it in a treasure trove)
 23857 | Trove    | Got a flickering brass amulet
 23901 | D:13     | Identified the amulet "Mizoihan" {Inacc MP-9 Dex+7} (You found it in a treasure trove)
 24679 | D:14     | Learned a level 1 spell: Apportation
 24681 | D:14     | Learned a level 1 spell: Summon Butterflies
 24723 | D:14     | Found a gate to the Vaults.
 25002 | D:14     | Noticed Agnes
 25004 | D:14     | Noticed Louise
 25007 | D:14     | Noticed Kirke
 25023 | D:14     | Killed Agnes
 25030 | D:14     | Killed Louise
 25043 | D:14     | Killed Kirke
 25132 | D:14     | Reached XP level 16. HP: 95/107 MP: 18/22
 25296 | D:14     | Noticed Azrael
 25324 | D:14     | Killed Azrael
 25341 | D:14     | Reached skill level 15 in Armour
 25417 | D:14     | Reached skill level 15 in Shields
 25646 | D:14     | Reached skill level 15 in Fighting
 25922 | D:14     | Noticed a storm dragon
 25960 | D:14     | Killed a storm dragon
 26039 | D:14     | Noticed a tengu reaver
 26045 | D:14     | Received a gift from Okawaru
 26055 | D:14     | Killed a tengu reaver
 26347 | D:15     | Entered Level 15 of the Dungeon
 26491 | D:15     | Found a staircase to the Depths.
 26848 | Depths:1 | Entered Level 1 of the Depths
 27008 | Depths:1 | Noticed a tengu reaver
 27032 | Depths:1 | Killed a tengu reaver
 27041 | Depths:1 | HP: 1/108 [fire dragon/blast of flame (28)]
 27205 | Depths:1 | Reached XP level 17. HP: 114/114 MP: 23/23
 27313 | Depths:1 | Found a gateway to Hell.
 27443 | Depths:1 | Received a gift from Okawaru
 27979 | Depths:1 | Reached skill level 15 in Maces & Flails
 28412 | Depths:2 | Found an iron altar of Okawaru.
 28435 | Depths:2 | Found Oxeak's Distillery.
 28488 | Depths:2 | Found a gateway to a ziggurat.
 28963 | Depths:2 | Noticed a golden dragon
 28981 | Depths:2 | Killed a golden dragon
 28981 | Depths:2 | Received a gift from Okawaru
 29004 | Depths:2 | Paralysed by a giant eyeball for 4 turns
 29246 | Depths:2 | Noticed a sphinx
 29255 | Depths:2 | Killed a sphinx
 29273 | Depths:2 | Reached XP level 18. HP: 117/122 MP: 22/24
 29676 | Depths:2 | Noticed a lich
 29682 | Depths:2 | Noticed an Ice Fiend
 29690 | Depths:2 | Received a gift from Okawaru
 30069 | Depths:3 | Noticed a titan
 30077 | Depths:3 | Killed a titan
 30553 | Depths:3 | Found a runed door.
 30758 | Depths:2 | Received a gift from Okawaru
 30803 | Depths:2 | Got a faintly glowing plate armour {god gift}
 30814 | Depths:2 | Identified the +0 plate armour of Impermeability {rC+ rCorr Slay+2} (Okawaru gifted it to you on level 2 of the Depths)
 30879 | Depths:3 | Noticed a lich
 30905 | Depths:3 | Killed a lich
 30906 | Depths:3 | Noticed a golden dragon
 30913 | Depths:3 | Paralysed by a giant eyeball for 2 turns
 30937 | Depths:3 | Killed a golden dragon
 31141 | Depths:3 | Noticed a juggernaut
 31169 | Depths:3 | Killed a juggernaut
 31169 | Depths:3 | Reached XP level 19. HP: 122/128 MP: 18/25
 31565 | Spider:1 | Entered Level 1 of the Spider Nest
 32618 | Spider:2 | Noticed tstbtto's ghost (adept MiFi)
 32646 | Spider:2 | Killed tstbtto's ghost
 32646 | Spider:2 | Received a gift from Okawaru
 33928 | Spider:3 | Received a gift from Okawaru
 34092 | Spider:4 | Entered Level 4 of the Spider Nest
 34211 | Spider:4 | Noticed Bai Suzhen
 34231 | Spider:4 | Killed Bai Suzhen
 34231 | Spider:4 | Reached XP level 20. HP: 99/137 MP: 19/26
 34472 | Spider:4 | Got an ancient platinum ring
 34473 | Spider:4 | Identified the ring "Jotagomn" {+Inv rF+} (You found it on level 4 of the Spider Nest)
 34975 | Spider:4 | Got a gossamer rune of Zot
 35134 | Shoals:1 | Entered Level 1 of the Shoals
 35162 | Shoals:1 | Received a gift from Okawaru
 36135 | Shoals:2 | Noticed Polyphemus
 36150 | Shoals:2 | Killed Polyphemus
 36370 | Shoals:2 | Found Larghorow's General Store.
 36381 | Shoals:2 | Bought a scroll of teleportation for 51 gold pieces
 36387 | Shoals:2 | Bought a potion of might for 68 gold pieces
 37127 | Shoals:3 | Noticed tstbtto's ghost (adept MiFi)
 37153 | Shoals:3 | Killed tstbtto's ghost
 37710 | Shoals:4 | Entered Level 4 of the Shoals
 37986 | Shoals:4 | Reached XP level 21. HP: 144/144 MP: 27/27
 38004 | Shoals:4 | Received a gift from Okawaru
 38404 | Shoals:4 | Noticed Ilsuiw
 38482 | Shoals:4 | Killed Ilsuiw
 38745 | Shoals:4 | Noticed Jorgrun
 38758 | Shoals:4 | Killed Jorgrun
 38957 | Shoals:4 | Got a barnacled rune of Zot
 39171 | Orc:1    | Entered Level 1 of the Orcish Mines
 39467 | Orc:2    | Entered Level 2 of the Orcish Mines
 40238 | Orc:2    | Found a staircase to the Elven Halls.
 40655 | Orc:2    | Found Umiok's General Store.
 40656 | Orc:2    | Found Piungitt's Jewellery Shoppe.
 40657 | Orc:2    | Found Seprug's Antique Armour Shoppe.
 40657 | Orc:2    | Found Vaoplywk's Antique Weapon Emporium.
 40671 | Orc:2    | Bought a scroll of identify for 30 gold pieces
 40671 | Orc:2    | Bought a potion of curing for 45 gold pieces
 40671 | Orc:2    | Bought a scroll of fog for 30 gold pieces
 40937 | Elf:1    | Entered Level 1 of the Elven Halls
 41252 | Elf:1    | Identified the Collected Works on Supportive Confrontation
 41326 | Elf:1    | Noticed Asterion
 41344 | Elf:1    | Killed Asterion
 41431 | Elf:1    | Received a gift from Okawaru
 41437 | Elf:1    | Got a pair of heavily runed gloves {god gift}
 41443 | Elf:1    | Identified the +0 pair of gloves "Quligez" {rElec Str+2} (Okawaru gifted it to you on level 1 of the Elven Halls)
 42227 | Elf:2    | Reached XP level 22. HP: 150/152 MP: 28/28
 42491 | Elf:2    | Found a runed gate.
 42491 | Elf:2    | Found a runed gate.
 42491 | Elf:2    | Found a runed gate.
 42963 | Elf:3    | Entered Level 3 of the Elven Halls
 42980 | Elf:3    | Noticed Roxanne
 42993 | Elf:3    | Killed Roxanne
 43232 | Elf:3    | Found Ohiehoex's Armour Emporium.
 43356 | Elf:3    | Noticed Aizul
 43367 | Elf:3    | Killed Aizul
 43971 | Elf:3    | Got a brightly glowing sapphire amulet
 43983 | Elf:3    | Identified an amulet of Cikoir {Gourm *Corrode rElec Str+4} (You took it off a deep elf annihilator on level 3 of the Elven Halls)
 44271 | Elf:3    | Got a warped turquoise ring
 44339 | Elf:3    | Identified the ring "Xizuxzy" {-Tele rN++ MR+ Int+4} (You took it off a deep elf blademaster on level 3 of the Elven Halls)
 44404 | Elf:3    | Identified Sif Muna's Volume of the Feathery Arsonist
 44407 | Elf:3    | Identified the Papyrus of Gliding Clay
 45344 | Depths:3 | Got a coiled pewter ring
 45457 | Depths:3 | Received a gift from Okawaru
 45457 | Depths:3 | Reached XP level 23. HP: 158/158 MP: 29/29
 45573 | Depths:3 | Identified the ring of Gutzesh {rF+ MR+ Int+4 Dex+4} (You took it off an ogre mage on level 3 of the Depths)
 45694 | Depths:3 | Got a slimy tin amulet
 45770 | Depths:3 | Identified the amulet "Vonk" {Reflect rC+ MR- Int+2 Dex+2 SH+5} (You took it off an ogre mage on level 3 of the Depths)
 46090 | Depths:3 | Noticed a golden dragon
 46113 | Depths:3 | Killed a golden dragon
 46149 | Depths:3 | Found a one-way gate to the infinite horrors of the Abyss.
 46189 | Depths:3 | Found a one-way gate leading to the halls of Pandemonium.
 46224 | Depths:3 | Identified Sif Muna's Tome of the Supportive Oath
 46805 | Depths:4 | Noticed a juggernaut
 46805 | Depths:4 | Noticed a caustic shrike
 46805 | Depths:4 | Noticed a caustic shrike
 46805 | Depths:4 | Noticed a caustic shrike
 46805 | Depths:4 | Noticed a caustic shrike
 46805 | Depths:4 | Noticed a caustic shrike
 46834 | Depths:4 | Killed a caustic shrike
 46834 | Depths:4 | Received a gift from Okawaru
 46846 | Depths:4 | Killed a caustic shrike
 46870 | Depths:4 | Killed a caustic shrike
 46879 | Depths:4 | Killed a caustic shrike
 46885 | Depths:4 | Killed a juggernaut
 46895 | Depths:4 | Killed a caustic shrike
 47301 | Depths:4 | Reached XP level 24. HP: 166/166 MP: 29/29
 47860 | Depths:4 | Found a bloodstained altar of Trog.
 48104 | Depths:4 | Paralysed by a giant eyeball for 3 turns
 48114 | Depths:4 | Paralysed by a giant eyeball for 2 turns
 48307 | Depths:5 | Entered Level 5 of the Depths
 48363 | Depths:5 | Received a gift from Okawaru
 48515 | Depths:5 | Gained mutation: You expend magic power (3 MP) to strengthen your wands. [a neqoxec]
 48630 | Depths:5 | Paralysed by a giant eyeball for 3 turns
 48644 | Depths:5 | Paralysed by a giant eyeball for 4 turns
 49074 | Depths:5 | Found a gate to the Realm of Zot.
 49178 | Depths:5 | Noticed a juggernaut
 49186 | Depths:5 | Received a gift from Okawaru
 49197 | Depths:5 | Killed a juggernaut
 49321 | Depths:5 | Reached XP level 25. HP: 166/175 MP: 29/29
 49741 | Vaults:1 | Entered Level 1 of the Vaults
 51298 | Vaults:2 | Received a gift from Okawaru
 51760 | Vaults:2 | Found a staircase to the Crypt.
 52061 | Vaults:2 | Noticed Frederick
 52109 | Vaults:2 | Killed Frederick
 52967 | Vaults:3 | Found Qicousis's Food Boutique.
 53192 | Vaults:3 | Noticed Sojobo
 53223 | Vaults:3 | Killed Sojobo
 53237 | Vaults:3 | Received a gift from Okawaru
 53411 | Vaults:3 | Reached XP level 26. HP: 184/184 MP: 29/29
 53850 | Vaults:4 | Noticed Donald
 53861 | Vaults:4 | Killed Donald
 54743 | Vaults:4 | Found Rigikk's Jewellery Shop.
 54835 | Vaults:4 | Found Zadghecw's Armour Shoppe.
 55558 | Vaults:5 | Entered Level 5 of the Vaults
 55562 | Vaults:5 | Received a gift from Okawaru
 55581 | Vaults:5 | Noticed mistymad's ghost (veteran GrFi)
 55669 | Vaults:5 | Received a gift from Okawaru
 55792 | Vaults:5 | Killed mistymad's ghost
 55950 | Vaults:5 | Reached XP level 27. HP: 138/192 MP: 29/29
 56064 | Vaults:5 | Noticed an ancient lich
 56076 | Vaults:5 | Killed an ancient lich
 56076 | Vaults:5 | Received a gift from Okawaru
 57071 | Vaults:5 | Got a silver rune of Zot
 57929 | Zot:1    | Entered Level 1 of the Realm of Zot
 58232 | Zot:1    | Received a gift from Okawaru
 59870 | Zot:3    | Received a gift from Okawaru
 60555 | Zot:4    | Received a gift from Okawaru
 60856 | Zot:4    | Noticed an orb of fire
 60859 | Zot:4    | Gained mutation: You regenerate slowly when monsters are visible. [an orb of fire]
 60874 | Zot:4    | Killed an orb of fire
 61536 | Zot:4    | Received a gift from Okawaru
 61624 | Zot:4    | Got a faintly humming cloak {god gift}
 61625 | Zot:4    | Identified the +0 cloak "Fonaroj" {Int+3} (Okawaru gifted it to you on level 4 of the Realm of Zot)
 62166 | Zot:5    | Entered Level 5 of the Realm of Zot
 62441 | Zot:5    | Reached skill level 27 in Armour
 63016 | Zot:5    | Noticed an ancient lich
 63026 | Zot:5    | Killed an ancient lich
 63082 | Zot:5    | Noticed an orb of fire
 63099 | Zot:5    | Gained mutation: Scrolls take you a little longer to read. [an orb of fire]
 63105 | Zot:5    | Killed an orb of fire
 63132 | Zot:5    | Received a gift from Okawaru
 63193 | Zot:5    | Noticed an orb of fire
 63203 | Zot:5    | Gained mutation: You are frail. (-10% HP) [an orb of fire]
 63227 | Zot:5    | Killed an orb of fire
 63228 | Zot:5    | Noticed an orb of fire
 63229 | Zot:5    | Gained mutation: You are weak. (Str -2) [an orb of fire]
 63231 | Zot:5    | Noticed an orb of fire
 63237 | Zot:5    | Killed an orb of fire
 63246 | Zot:5    | Gained mutation: Your body sometimes deteriorates upon taking damage. [an orb of fire]
 63256 | Zot:5    | Killed an orb of fire
 63385 | Zot:5    | Identified the +7 dire flail of Infinite Pain {flame, rF++} (Okawaru gifted it to you on level 5 of the Realm of Zot)
 63501 | Zot:5    | Noticed an ancient lich
 63526 | Zot:5    | Killed an ancient lich
 63671 | Zot:5    | Noticed an orb of fire
 63685 | Zot:5    | Noticed an orb of fire
 63686 | Zot:5    | Killed an orb of fire
 63688 | Zot:5    | Noticed an ancient lich
 63696 | Zot:5    | Noticed an orb of fire
 63706 | Zot:5    | Killed an orb of fire
 63714 | Zot:5    | Killed an orb of fire
 63719 | Zot:5    | Killed an ancient lich
 63757 | Zot:5    | Received a gift from Okawaru
 63860 | Zot:5    | Reached skill level 27 in Fighting
 63972 | Zot:5    | Got a serpentine bone amulet
 64045 | Zot:5    | Noticed an orb of fire
 64052 | Zot:5    | Lost mutation: You are frail. (-10% HP) [an orb of fire]
 64056 | Zot:5    | Gained mutation: Your body often deteriorates upon taking damage. [an orb of fire]
 64061 | Zot:5    | Gained mutation: Armour fits poorly on your strangely shaped body. [an orb of fire]
 64062 | Zot:5    | Killed an orb of fire
 64066 | Zot:5    | Noticed an ancient lich
 64070 | Zot:5    | Noticed an ancient lich
 64079 | Zot:5    | Killed an ancient lich
 64082 | Zot:5    | Blown up by an ancient lich

Vault maps used:
D:1:      dpeg_arrival_court
D:2:      led_sif_pool, gammafunk_pakellas_cloud_experiment, uniq_sigmund
D:3:      grunt_dithmenos_smoke, first_bread, minmay_ruptured
D:4:      nicolae_ru_great_annihilating_truth, st_stairs_10,
          kennysheep_another_room, grunt_ministairs_13, uniq_crazy_yiuf_cottage,
          uniq_natasha, uniq_eustachio
D:5:      kennysheep_mini_moat, uniq_blork_the_orc
D:6:      kb_forest_paths, st_stairs_12, kennysheep_generic_room_7,
          uniq_menkaure
D:7:      kennysheep_little_box, zin_angel, hangedman_minor_gate_pass,
          uniq_duvessa
D:9:      basic_altar, enter_bailey_3, uniq_grum
D:10:     blue_anna_alchemist, uniq_fannar
D:11:     minmay_lair_entry_lava, grunt_ministairs_11, uniq_maurice
D:12:     minmay_opposing_rooms, minmay_orc_entry_temple_small, serial_shops,
          kennysheep_mini, shop, minmay_guarded_unrand_variability
D:13:     nicolae_trove_entry_crossroad, serial_bayou_pond_b
D:14:     thingy_vault, grunt_vaults_entry_tiered, minivault_27, uniq_louise,
          uniq_azrael, uniq_agnes, uniq_kirke
D:15:     hangedman_depths_entry_try_elsewhere_first, grunt_decor_arrowhead
Temple:   nicolae_temple_elliptical
Lair:1:   grunt_forest_stairs_basic, serial_bayou_shore_b, grunt_megastairs_1,
          uniq_gastronok
Lair:2:   minmay_shoals_entry_lonely_mermaid, spider_nest_entry_web_field,
          lab_entry_generic, grunt_megastairs_4, uniq_harold
Lair:4:   beast_lair_carwin_8
Lair:5:   nicolae_volcano_entry_hallway, lookout_lair_type, minivault_11,
          small_statue_intersection, beast_lair_carwin_10, serial_bayou_shore_b,
          uniq_urug
Lair:6:   evilmike_catoblepas_cave, nicolae_slime_entry_slimehenge,
          minivault_23, lemuel_centaur_altar, infiniplex_staircase_pool
Shoals:1: nicolae_shoals_circle_sea_wall, nicolae_shoals_drake_roost
Shoals:2: cheibrodos_shoals_roost, serial_shops, shop, uniq_polyphemus
Shoals:4: shoals_end_simple, shoals_ilsuiw_ice, uniq_jorgrun, uniq_nikola
Spider:1: spider_trap
Spider:4: grunt_spider_rune_circles, spider_trap, uniq_bai_suzhen
Orc:1:    serial_shops
Orc:2:    st_orc_congregation
Elf:1:    minmay_elf_sorcery, uniq_asterion
Elf:3:    minmay_elf_hall_furrowed, serial_shops, nicolae_shop_statue_plus,
          uniq_aizul, uniq_roxanne
Vaults:1: v_alt_pattern_3, v_misc_3, ontoclasm_vaults_fault,
          ontoclasm_vaults_gateway, ontoclasm_vaults_eye,
          vaults_room_fancy_cross, vaults_dpeg_ring, vaults_room_corners
Vaults:2: v_pattern_2, minmay_crypt_entry_simple_box, v_misc_13, v_misc_17,
          vaults_mumra_hex, dpeg_vaults_monster_box, ontoclasm_vaults_shuriken,
          uniq_frederick
Vaults:3: ontoclasm_vaults_ligature, hangedman_vaults_stretched_pinwheel,
          v_rooms_5, ontoclasm_vaults_ring_large, v_alt_pattern_2, v_misc_13,
          v_misc_33, v_rooms_3, st_lines, serial_shops, shop, uniq_sojobo
Vaults:4: nicolae_vaults_know_your_exits, vaults_room_mumra_shop_pool,
          ontoclasm_vaults_chip, grunt_vaults_focal, v_misc_16,
          vaults_room_corners, nicolae_vaults_network_quinsquares, v_misc_28,
          vaults_mumra_chevron_long, v_misc_5, vaults_dpeg_hooks,
          vaults_mumra_hexcomb, nicolae_vaults_little_squares_6,
          vaults_room_hallway, serial_shops, shop, uniq_donald
Vaults:5: serial_shops
Depths:1: hangedman_abyss_or_decor_slice, hell_entry, dispersion_dpeg
Depths:2: minmay_two_paths, enter_ziggurat_b, grunt_metal_band,
          okawaru_ov_weapons_minmay, serial_shops, nicolae_shop_window_shopping,
          infiniplex_staircase_zigzag_2
Depths:3: box_level_dp, hell_entry, pan_entry, abyss_entry
Depths:4: grunt_arcs, abyss_entry, hangedman_decor_peaks_small,
          hangedman_coc_ice_floe, evilmike_spriggan_trog_shrine,
          serial_bayou_shore_b, infiniplex_staircase_zigzag_5
Depths:5: grunt_zot_entry_gee_three, infiniplex_staircase_pool_lava,
          rand_demon_pan_entry_7, hell_entry, abyss_entry
Zot:1:    lemuel_draconian_sentries_small
Zot:4:    grunt_ministairs_15
Zot:5:    hangedman_zot_decor_scrapings, grunt_megastairs_2
Lab:      labyrinth_spiral, nicolae_lab_do_over, nicolae_lab_t_cross
Trove:    trove_garden
Bailey:   bailey_polearm_flooded_kennysheep, bailey
Volcano:  volcano_lake

Skill      XL: |  1  2  3  4  5  6  7  8  9 10 11 12 13 14 15 16 17 18 19 20 21 22 23 24 25 26 27 |
---------------+----------------------------------------------------------------------------------+-----
Shields        | 4 5 6 8 9 10 11 12 13 14 15 16 17 18 19 20 21 22 23 26 | 26.2
Fighting       | 4 5 7 8 9 10 11 12 13 14 15 16 17 18 19 20 21 22 23 24 27 | 27.0
Maces & Flails | 3 4 5 7 8 9 10 11 12 13 14 15 16 17 18 19 20 21 24 | 24.2
Armour         | 4 5 6 8 9 11 12 13 14 15 16 17 18 19 20 21 23 25 27 | 27.0
Invocations    | 3 6 8 |  8.0

Action                   |  1- 3 |  4- 6 |  7- 9 | 10-12 | 13-15 | 16-18 | 19-21 | 22-24 | 25-27 || total
-------------------------+-------+-------+-------+-------+-------+-------+-------+-------+-------++-------
Melee: Flail             |   140 |   156 |   247 |       |       |       |       |       |       ||   543
       Mace              |       |       |   549 |  2085 |   261 |       |       |       |       ||  2895
       Eveningstar       |       |       |       |       |  1180 |  1331 |  2062 |  1545 |  3091 ||  9209
Throw: Throwing net      |       |       |       |       |       |       |       |       |     2 ||     2
Invok: Heroism           |       |       |     1 |    13 |    15 |    13 |     8 |    11 |    21 ||    82
       Finesse           |       |       |       |     5 |     2 |     6 |     3 |     6 |    17 ||    39
 Abil: Evoke Berserk Rag |       |       |       |       |     1 |       |       |       |       ||     1
       Fly               |       |       |       |       |     1 |     2 |     2 |     2 |       ||     7
       Stop Flying       |       |       |       |       |     1 |     2 |     1 |     3 |       ||     7
Evoke: Wand              |       |       |     1 |       |       |     3 |     6 |     3 |     7 ||    20
       Rod               |       |       |       |     3 |       |       |       |       |       ||     3
  Use: Scroll            |       |       |     6 |    17 |    20 |    11 |    10 |     9 |    16 ||    89
       Potion            |       |       |       |     2 |       |     1 |       |     1 |     1 ||     5
 Stab: Paralysed         |       |       |     2 |       |       |       |       |       |       ||     2
       Confused          |       |       |       |       |       |       |       |       |     1 ||     1
  Eat: Chunk             |     2 |     4 |    13 |    42 |    31 |    21 |    40 |    24 |    48 ||   225
       Meat ration       |       |       |     1 |       |       |       |       |       |       ||     1
       Fruit             |       |       |       |       |       |       |       |       |     1 ||     1
       Beef jerky        |       |       |       |       |       |       |       |       |     1 ||     1
Armor: Scale mail        |    81 |   106 |   199 |       |       |       |       |       |       ||   386
       Plate armour      |       |       |   209 |  1175 |   750 |   651 |       |       |       ||  2785
       Gold dragon armou |       |       |       |       |       |    28 |   970 |   542 |  1252 ||  2792
Dodge: Dodged            |    40 |    68 |   126 |   257 |   184 |   182 |   217 |   121 |   358 ||  1553
Block: Shield            |    73 |   104 |    93 |       |       |       |       |       |       ||   270
       Large shield      |       |       |   507 |  2157 |  1540 |  1225 |  2566 |  1560 |  3683 || 13238
       Reflection        |       |       |       |       |       |       |    99 |   101 |   181 ||   381
